 Dungeon Crawl Stone Soup version 0.31-a0-851-g7ff8af7976 (webtiles) character file.

Game seed: 18319303407495638615

611237 Shayle the Pyromancer (level 25, -5/217 HPs)
             Began as a Demonspawn Reaver on Oct 6, 2023.
             Was a Priest of Ashenzari.
             Slain by a hell knight
             ... wielding a +2 demon whip of distortion
              (14 damage)
             ... in the Vestibule of Hell on Oct 7, 2023.
             The game lasted 07:58:45 (104702 turns).

Shayle the Pyromancer (Demonspawn Reaver)         Turns: 104702, Time: 07:58:45

Health: -5/217     AC: 33    Str: 12    XL:     25   Next: 64%
Magic:  0/47       EV: 10    Int: 36    God:    Ashenzari [***...]
Gold:   4803       SH: 13    Dex: 15    Spells: 0/52 levels left

rFire   + . .        p - +6 Majin-Bo {spellvamp, MP+6 Int+6}
rCold   + + .        t - +3 buckler "Gaze Upon Infinity" {rC+, Comp, Dev} (curse)
rNeg    + + .        l - +7 ring mail of the Untouchables {Will+}
rPois   +            Q - +2 hat of Ashenzari's Soothsayer {Bglg, Alch} (curse)
rElec   .            (cloak unavailable)
rCorr   .            i - +2 pair of gloves "Xefear" {rF+ rN+ Int+2}
SInv    +            x - +2 pair of boots of Zin's Castigation {rN+ Dex+3}
Will    +++..        S - amulet "At What Cost Knowledge?" {Reflect Will+ Int+2 SH+5, Fort, Dev} (curse)
Stlth   ++           r - ring of the Lashed Soothsayer {Slay+4, Self, Elem} (curse)
HPRegen 0.56/turn    b - ring of Zeatek {rPois rC+ Int+3}
MPRegen 0.60/turn

%: reflection, clarity, guardian spirit
@: sanguine armoured, on blink cooldown, very slightly contaminated
A: demonic guardian 3, robust 1, magic shield, magic regeneration, magic link,
sanguine armour 3, weakness stinger 3, camouflage 1, deformed body,
deterioration 1, dopey 1, sense surroundings 1, weak 1, MP-powered wands
}: 5/15 runes: serpentine, barnacled, slimy, silver, abyssal
a: Renounce Religion, Curse Item, Shatter the Chains


You were in the Vestibule of Hell.
You worshipped Ashenzari.
Ashenzari was most pleased with you.
You visited 12 branches of the dungeon, and saw 52 of its levels.
You visited Pandemonium 1 time, and saw 1 of its levels.
You visited the Abyss 4 times.
You also visited: Sewer, Gauntlet, Ice Cave and Wizlab.

You collected 9079 gold pieces.
You spent 4276 gold pieces at shops.

Inventory:

Hand Weapons
 p - the +6 Majin-Bo (weapon) {spellvamp, MP+6 Int+6}
   (You took it off a Hellbinder in a wizard's laboratory)

   Int+6:     It affects your intelligence (+6).
   MP+6:      It affects your magic capacity (+6).
Missiles
 w - 7 curare-tipped darts (quivered)
Armour
 i - the +2 pair of gloves "Xefear" (worn) {rF+ rN+ Int+2}
   (You bought it in a shop on level 2 of the Orcish Mines)

   Int+2:     It affects your intelligence (+2).
   rF+:       It protects you from fire.
   rN+:       It protects you from negative energy.
 l - the +7 ring mail of the Untouchables (worn) {Will+}
   (You took it off a deep elf high priest on level 5 of the Vaults)

   Will+:     It increases your willpower.
 m - +3 fire dragon scales
 t - the cursed +3 buckler "Gaze Upon Infinity" (worn) {rC+, Comp, Dev}
   (You found it in an ice cave)

   It has a curse which improves the following skills: Companions: Summonings
   and Necromancy.
   Devices:   Evocations and Shapeshifting.
 x - the +2 pair of boots of Zin's Castigation (worn) {rN+ Dex+3}
   (You found it on level 9 of the Dungeon)

   Dex+3:     It affects your dexterity (+3).
   rN+:       It protects you from negative energy.
 Q - the cursed +2 hat of Ashenzari's Soothsayer (worn) {Bglg, Alch}
   (You found it on level 9 of the Dungeon)

   It has a curse which improves the following skills: Beguiling: Conjurations,
   Hexes and Translocations.
   Alchemy:   Poison Magic and Transmutations.
Jewellery
 b - the ring of Zeatek (right hand) {rPois rC+ Int+3}
   (You bought it in a shop on level 2 of the Shoals)

   [ring of protection from cold]

   Int+3:     It affects your intelligence (+3).
   rC+:       It protects you from cold.
   rPois:     It protects you from poison
 r - the cursed ring of the Lashed Soothsayer (left hand) {Slay+4, Self, Elem}
   (You found it on level 2 of the Dungeon)

   [ring of slaying]

   Slay+4:    It affects your accuracy & damage with ranged weapons and melee
   (+4).
   It has a curse which improves the following skills: Introspection: Fighting
   and Spellcasting.
   Elements:  Fire Magic, Ice Magic, Air Magic and Earth Magic.
 S - the cursed amulet "At What Cost Knowledge?" (around neck) {Reflect Will+ Int+2 SH+5, Fort, Dev}
   (You bought it in a shop on level 2 of the Snake Pit)

   [amulet of reflection]

   Reflect:   It reflects blocked missile attacks.
   Int+2:     It affects your intelligence (+2).
   Will+:     It increases your willpower.
   SH+5:      It affects your SH (+5).
   It has a curse which improves the following skills: Fortitude: Armour and
   Shields.
   Devices:   Evocations and Shapeshifting.
Talismans
 e - a talisman of death
 f - a storm talisman
Wands
 y - a wand of flame (169)
 O - a wand of charming (37)
 W - a wand of iceblast (13)
 Y - a wand of digging (9)
Scrolls
 g - 5 scrolls of poison
 s - 5 scrolls of fog
 C - 2 scrolls of teleportation
 E - a scroll of fear
 K - 7 scrolls of vulnerability
 T - a scroll of torment
 U - 6 scrolls of revelation
 V - 11 scrolls of immolation
Potions
 a - a potion of invisibility
 c - 11 potions of lignification
 d - 4 potions of enlightenment
 j - 3 potions of curing
 k - 2 potions of berserk rage
 n - 6 potions of haste
 o - 4 potions of brilliance
 z - 5 potions of might
 B - 4 potions of mutation
 H - 6 potions of resistance
 L - 6 potions of cancellation
Miscellaneous
 P - a phial of floods
 Z - a phantom mirror (inert)


   Skills:
 - Level 14.9(16.3) Fighting
 - Level 2.6 Polearms
 - Level 11.5(13.0) Armour
 - Level 1.7 Dodging
 - Level 4.0(5.3) Shields
 - Level 12.8(14.3) Spellcasting
 - Level 19.0(20.3) Conjurations
 - Level 6.8(8.4) Necromancy
 - Level 9.6(11.1) Transmutations
 - Level 25.0(26.1) Fire Magic
 + Level 15.9(17.3) Ice Magic
 - Level 9.3(10.8) Air Magic
 - Level 10.4(11.9) Poison Magic
 + Level 7.6(9.9) Shapeshifting


You couldn't memorise any spells.
You knew the following spells:

 Your Spells              Type           Power      Damage    Failure   Level
a - Polar Vortex          Ice            50%        12d6*     96%         9
c - Starburst             Conj/Fire      57%        6d15      1%          6
d - Ignition              Fire           60%        3d16      1%          8
e - Ignite Poison         Fire/Tmut/Pois 97%        N/A       0%          3
f - Eringya's Noxious Bo  Tmut/Pois      41%        4d6       4%          6
g - Airstrike             Air            40%        2d(6-22)  1%          4
h - Fire Storm            Conj/Fire      57%        8d14      26%         9
i - Freezing Cloud        Conj/Ice/Air   48%        6-21      1%          5
j - Blink                 Tloc           52%        N/A       5%          2

Your spell library contained the following spells:

 Spells                   Type           Power      Damage    Failure   Level
 Foxfire                  Conj/Fire      100%       2x1d9     0%          1
 Freeze                   Ice            100%       1d10      0%          1
 Kiss of Death            Conj/Necr      100%       2d13      0%          1
 Magic Dart               Conj           100%       1d8       0%          1
 Shock                    Conj/Air       100%       1d9       0%          1
 Searing Ray              Conj           100%       2d8       0%          2
 Static Discharge         Conj/Air       100%       2-7/arc   0%          2
 Frozen Ramparts          Ice            100%       1d16      0%          3
 Hailstorm                Conj/Ice       100%       3d20      0%          3
 Ozocubu's Armour         Ice            100%       N/A       0%          3
 Flame Wave               Conj/Fire      100%       2d21      0%          4
 Sticky Flame             Conj/Fire      100%       2d11      0%          4
 Fireball                 Conj/Fire      57%        3d22      0%          5
 Momentum Strike          Conj/Tloc      100%       3d10      1%          2
 Sublimation of Blood     Necr           72%        N/A       1%          2
 Wereblood                Tmut           82%        N/A       1%          2
 Dazzling Flash           Conj/Hex       100%       N/A       1%          3
 Mephitic Cloud           Conj/Pois/Air  92%        N/A       1%          3
 Stone Arrow              Conj/Erth      100%       3d13      1%          3
 Swiftness                Air            80%        N/A       1%          3
 Volatile Blastmotes      Fire/Tloc      100%       2d18      1%          3
 Brom's Barrelling Bould  Conj/Erth      78%        2d9       1%          4
 Fulminant Prism          Conj/Hex       39%        3d18      1%          4
 Iskenderun's Mystic Bla  Conj/Tloc      78%        2d16      1%          4
 Olgreb's Toxic Radiance  Pois           84%        N/A       1%          4
 Summon Ice Beast         Ice/Summ       73%        N/A       1%          4
 Alistair's Intoxication  Tmut/Pois      55%        N/A       1%          5
 Irradiate                Conj/Tmut      47%        3d27      1%          5
 Iskenderun's Battlesphe  Conj           100%       2d15      1%          5
 Plasma Beam              Fire/Air       51%        2x1d66    1%          6
 Orb of Destruction       Conj           53%        9d13      1%          7
 Metabolic Englaciation   Hex/Ice        36%        N/A       2%          5
 Simulacrum               Ice/Necr       43%        N/A       2%          6
 Ozocubu's Refrigeration  Ice            50%        4d18      2%          7
 Summon Small Mammal      Summ           100%       N/A       3%          1
 Petrify                  Tmut/Erth      60%        N/A       3%          4
 Agony                    Necr           72%        N/A       3%          5
 Jinxbite                 Hex            54%        N/A       4%          2
 Lesser Beckoning         Tloc           52%        N/A       5%          2
 Anguish                  Hex/Necr       27%        N/A       6%          4
 Bombard                  Conj/Erth      39%        9d7       9%          6
 Call Canine Familiar     Summ           27%        N/A       10%         3
 Sigil of Binding         Hex            27%        N/A       10%         3
 Summon Guardian Golem    Hex/Summ       27%        N/A       10%         3
 Tukima's Dance           Hex            27%        N/A       10%         3
 Yara's Violent Unravell  Hex/Tmut       30%        3d13      10%         5
 Gell's Gravitas          Tloc           26%        N/A       11%         3
 Teleport Other           Tloc           26%        N/A       11%         3
 Silence                  Hex/Air        30%        N/A       11%         5
 Borgnjor's Vile Clutch   Necr/Erth      27%        N/A       17%         5
 Cause Fear               Hex            13%        N/A       32%         4
 Animate Armour           Summ/Erth      52%        N/A       34%         4
 Dimensional Bullseye     Hex/Tloc       13%        N/A       34%         4
 Leda's Liquefaction      Hex/Erth       13%        N/A       34%         4
 Passage of Golubria      Tloc           26%        N/A       34%         4
 Spellforged Servitor     Conj/Summ      39%        N/A       43%         7
 Lee's Rapid Deconstruct  Erth           13%        3d9*      67%         5
 Summon Forest            Summ/Tloc      13%        N/A       67%         5
 Summon Mana Viper        Hex/Summ       27%        N/A       67%         5
 Maxwell's Capacitive Co  Air            40%        ∞         96%         8
 Lehudib's Crystal Spear  Conj/Erth      39%        10d10     98%         8
 Dispersal                Tloc           13%        N/A       99%         6
 Summon Cactus Giant      Summ           13%        N/A       99%         6
 Enfeeble                 Hex            13%        N/A       100%        7
 Malign Gateway           Summ/Tloc      13%        N/A       100%        7
 Summon Hydra             Summ           13%        N/A       100%        7
 Discord                  Hex            13%        N/A       100%        8
 Disjunction              Tloc           13%        N/A       100%        8


Dungeon Overview and Level Annotations

Branches:
Dungeon (15/15)            Temple (1/1) D:5            Lair (5/5) D:9
 Shoals (4/4) Lair:3        Snake (4/4) Lair:3        Slime (5/5) Lair:5
    Orc (2/2) D:9             Elf (3/3) Orc:2        Vaults (5/5) D:13
  Crypt (3/3) Vaults:2     Depths (4/4) D:15           Hell (1/1)
    Dis (0/7) Hell            Geh (0/7) Hell            Zot (0/5) Depths:4
  Sewer (visited)           IceCv (visited)          WizLab (visited)
Gauntlet (visited)
   Tomb: Crypt:3        Coc: Hell:1         Tar: Hell:1

Altars:
Ashenzari
Cheibriados
Dithmenos
Fedhas
Gozag
Hepliaklqana
Kikubaaqudgha
Makhleb
Nemelex Xobeh
Okawaru
Qazlal
Ru
Sif Muna
Trog
Uskayaw
Vehumet
Wu Jian
Xom
Yredelemnul
Lugonu

Shops:
D:8 *   D:9 (   D:12 :   D:14 :=!   Orc:2 :(**:*?[*   Elf:1 (   Shoals:1 (
Shoals:2 =   Shoals:4 *   Snake:2 =   Snake:3 **   Snake:4 :   Vaults:4 *
Vaults:5 :   Depths:1 ?   Depths:4 **[

Portals:
Hell: Depths:1 Depths:2 Depths:3 Depths:4
Abyss: Depths:1 Depths:2 Depths:3
Pandemonium: Depths:2
Ziggurat: Depths:2
Trove: Depths:3 (give +4 fire dragon scales)

Annotations:
Elf:1 6 runed translucent doors
Hell Geryon


Innate Abilities, Weirdness & Mutations

A powerful demonic guardian rushes to your aid.
You are robust. (+10% HP)
When hurt, damage is shared between your health and your magic reserves.
You regenerate magic rapidly.
When low on magic, you restore magic in place of health.
When seriously injured, your blood forms very thick armour. (AC +12)
You have a sharp stinger which inflicts weakening toxins.
Your skin changes colour to match your surroundings (Stealth+).
Armour fits poorly on your strangely shaped body.
Your body sometimes deteriorates upon taking damage.
You are dopey. (Int -2)
You passively map a small area around you.
You are weak. (Str -2)
You expend magic power (3 MP) to strengthen your wands.


Message History

Confirm with . or Enter, or press ? or * to list all spells.
Aiming: Airstrike (safe; 1% risk of failure)
Press: ? - help, Dir - move target, f/p - smoke demon
Aim: a smoke demon (moderately wounded, empty space bonus: 5/8)
The air twists around and strikes the smoke demon!
The smoke demon is severely wounded.
* * * LOW HITPOINT WARNING * * *
You block the smoke demon's attack. x2; The smoke demon completely misses you.
You feel better. The smoke demon gestures at you. Something smites you!
* * * LOW HITPOINT WARNING * * *
Unknown command.
Aiming: Iceblast
Press: ? - help, Shift-Dir - straight line, p - smoke demon The mass of ice explodes!
The iceblast engulfs the smoke demon!
The smoke demon is almost dead.
The iceblast engulfs the hell knight!
The hell knight is lightly wounded.
You hear a roar!
You hear a shout!
You block the smoke demon's attack. The smoke demon closely misses you.
The smoke demon hits you.
Unknown command.
You sock the hell knight!
You feel better.
Your tail-slap misses the hell knight.
The hell knight is moderately wounded.
The smoke demon hits you.
* * * LOW HITPOINT WARNING * * *
The smoke demon hits you but does no damage.
The smoke demon barely misses you. You block the hell knight's attack.
Casting: Airstrike (safe; 1% risk of failure)
Confirm with . or Enter, or press ? or * to list all spells.
You blink.
A hellion comes into view.
* * * LOW HITPOINT WARNING * * *
You feel a bit more experienced. The smoke demon gestures at you.
The sticky flame misses you.
The hell knight hits you with a +2 demon whip of distortion!
You die...

, , ........... , ~~~
* ............
........3...,, ~ ~~
.......z.... , ####
............, ##..##~
............ ##....#
z..........≈ #.....##
..z.......§≈ #..@...#
#....3...≈≈#*##.3p..#
#.hhh...§§##..'##§..#
.1h......§#.... ##+##
§)..9..≈§§#.... ..#
&...§§§≈..'.2.. ..#
.2..§.≈§§.'...., ,∩.#
....2§§§§.'.... ..#
.......§≈§#...., ..#


You could see a hell knight, a smoke demon and a hellion.

Vanquished Creatures
  Dissolution (Slime:5)
  the Royal Jelly (Slime:5)
  4 juggernauts
  Sojobo (Vaults:5)
  Saint Roka (Crypt:2)
  Vashnia (Snake:4)
  5 caustic shrikes
  A Hellbinder (WizLab)
  Jory (Vaults:4)
  7 golden dragons
  Zenata (Crypt:2)
  6 tentacled monstrosities
  3 walking crystal tomes (Depths:2)
  2 walking earthen tomes
  4 titans
  3 deep elf blademasters
  15 acid blobs
  9 liches
  A deep elf master archer (Elf:3)
  4 sphinxes
  A tentacled starspawn (Abyss:3)
  A kraken (Shoals:2)
  4 storm dragons
  4 shadow dragons
  7 tengu reavers
  Aizul (Elf:2)
  Roxanne (Snake:1)
  12 azure jellies
  10 rockslimes
  2 draconian knights (Depths:4)
  2 iron dragons
  3 nagarajas
  8 deep elf sorcerers
  The ghost of Koceploe the Impaler, an adept MfGl of the Shining One (Shoals:3)
  Louise (Snake:2)
  8 fire giants
  9 frost giants
  20 vault wardens
  19 ironbound preservers
  2 balrugs
  A spectral juggernaut (Crypt:2)
  A caustic shrike zombie (Crypt:3)
  4 deep elf elementalists (Elf:3)
  2 cacodemons
  9 reapers
  9 quicksilver oozes
  9 stone giants
  A war gargoyle (Vaults:5)
  A demonspawn blood saint (Pan)
  17 very ugly things
  13 ironbound thunderhulks
  3 formless jellyfish
  Nessos (D:14)
  2 green draconians (Depths:4)
  6 deep elf demonologists
  A spectral titan (Crypt:2)
  Azrael (Snake:1)
  5 vampire knights
  2 black draconians (Depths:4)
  3 demonspawn black suns
  6 dire elephants
  10 deep elf annihilators
  A purple draconian (Depths:4)
  3 lorocyprocas
  6 spark wasps
  2 white draconians (Depths:4)
  7 blizzard demons
  12 deep elf death magi
  4 jiangshi
  6 merfolk impalers
  Josephine (Snake:1)
  8 ettins
  2 mummy priests (Crypt:2)
  3 green deaths
  9 deep elf high priests
  4 merfolk javelineers (Shoals:4)
  2 spectral spriggans (Crypt:2)
  2 entropy weavers
  5 fire dragons
  9 yaktaur captains
  5 rakshasas
  3 salamander tyrants (Snake:4)
  11 great orbs of eyes
  27 vault guards
  7 hydras
  A spectral shadow dragon (Crypt:2)
  2 ice dragons
  2 merfolk avatars
  An anaconda (shapeshifter) (Depths:3)
  2 spriggan skeletons (Crypt:1)
  4 centaur warriors
  3 spriggan air magi
  2 alligators (D:15)
  10 ironbound frosthearts
  An alligator snapping turtle (Shoals:3)
  4 anacondas
  2 spectral stone giants (Crypt:2)
  4 merfolk aquamancers
  A satyr (Shoals:3)
  6 ogre magi
  8 boulder beetles
  5 catoblepae
  27 dancing weapons
  A boulder beetle (shapeshifter) (Depths:4)
  6 deep troll shamans
  A hell hog (Depths:4)
  12 death yaks
  25 two-headed ogres
  14 naga warriors
  4 deep troll earth magi
  4 demonic crawlers
  A bennu skeleton (Crypt:2)
  10 naga sharpshooters
  4 vampire magi
  7 thrashing horrors (Abyss:3)
  2 titan zombies
  3 tengu warriors
  12 shock serpents
  The ghost of bahustanut the Black Belt, a journeyman OpSh of Gozag (D:11)
  15 soul eaters
  3 spriggan berserkers
  A titan skeleton (Crypt:2)
  The ghost of retardedninja the Covert, a journeyman GrFE of Vehumet (D:9)
  12 hell knights
  A spectral dire elephant (Crypt:2)
  A spectral orc (Crypt:2)
  20 deep elf knights
  4 sun demons
  5 iron trolls
  3 sixfirhies
  5 salamander mystics
  2 skysharks
  2 glowing orange brains
  6 skeletal warriors
  A bog body (IceCv)
  2 obsidian statues
  8 sea snakes
  5 flayed ghosts
  30 ironbound convokers
  49 deep trolls
  2 shadow demons (WizLab)
  2 spriggan simulacra (IceCv)
  10 deep elf archers
  6 naga ritualists (Snake:4)
  6 harpies
  12 phantasmal warriors
  A lindwurm (shapeshifter) (Vaults:5)
  20 deep elf zephyrmancers
  6 lindwurms
  7 wizards
  32 deep elf pyromancers
  5 mana vipers (Snake:4)
  2 orc knights
  7 necromancers
  2 stone giant zombies
  A spectral ice dragon (Crypt:2)
  2 shining eyes
  A spectral merfolk (Crypt:2)
  10 fauns
  30 ugly things
  A shadow dragon skeleton (Crypt:2)
  16 manticores
  9 cyclopes
  27 salamanders
  24 black mambas
  10 merfolk sirens
  3 human skeletons
  2 orc sorcerers (Crypt:2)
  24 vault sentinels
  A worldbinder (Abyss:3)
  A dire elephant zombie (Crypt:3)
  7 eyes of devastation
  A spectral centaur (Crypt:2)
  A moth of wrath (D:11)
  An apocalypse crab (Abyss:3)
  2 rust devils
  7 smoke demons
  9 water nymphs
  A frost giant skeleton (Crypt:1)
  5 guardian serpents
  33 elephants
  4 orange demons
  12 cane toads
  15 naga magi
  4 unseen horrors
  An unseen horror (shapeshifter) (Vaults:5)
  A kobold demonologist (D:13)
  A sea snake zombie (Crypt:1)
  A spectral naga (Crypt:2)
  A tormentor (Hell)
  A yaktaur zombie (Vaults:1)
  39 yaktaurs
  2 rime drakes
  4 tengu conjurers
  3 hellions
  An iron troll zombie (Crypt:1)
  13 freezing wraiths
  8 komodo dragons
  5 ice devils
  8 guardian mummies (Crypt:2)
  A yaktaur skeleton (Vaults:3)
  20 merfolk
  A silent spectre (Abyss:3)
  6 red devils
  A yellow draconian skeleton (Crypt:2)
  3 meliai
  A golden dragon simulacrum (IceCv)
  A polar bear (Lair:4)
  2 spectral harpies (Crypt:2)
  6 trolls
  A tyrant leech (Gauntlet)
  3 hellwings
  5 wind drakes
  A harpy skeleton (Crypt:1)
  5 hornets (D:12)
  An alligator simulacrum (IceCv)
  A moth of wrath zombie (Crypt:1)
  12 raiju
  16 blink frogs
  4 dream sheep (Lair:4)
  10 snapping turtles
  2 centaur simulacra
  5 flying skulls
  A satyr skeleton (Crypt:1)
  72 slime creatures
  A culicivora (Vaults:3)
  4 ynoxinuls
  A spriggan (Lair:2)
  18 water elementals
  4 vampires
  2 dire elephant simulacra (IceCv)
  11 wraiths
  3 air elementals
  An elf simulacrum (Vaults:3)
  3 wyverns
  6 basilisks
  3 fire bats (Depths:3)
  54 yaks
  11 golden eyes
  8 fire elementals
  2 chaos spawn
  8 neqoxecs
  3 redbacks
  2 steam dragons
  12 vampire mosquitoes
  A minotaur simulacrum (IceCv)
  A swamp worm (shapeshifter) (Vaults:5)
  Menkaure (D:7)
  2 harpy simulacra
  A warg (shapeshifter) (Vaults:5)
  2 wargs (Orc:1)
  3 acid dragons
  42 nagas
  4 swamp worms (Gauntlet)
  Duvessa (D:4)
  4 hell hounds
  A floating eye (Depths:2)
  20 water moccasins
  A naga skeleton (Crypt:1)
  7 small abominations
  5 large abominations
  18 orc warriors
  2 sky beasts
  3 black bears
  3 ettin simulacra
  5 ice beasts
  30 ogres
  10 centaurs
  12 wolves
  10 kobold brigands
  A komodo dragon skeleton (Crypt:1)
  4 earth elementals
  7 scorpions
  5 deep troll simulacra (IceCv)
  12 bullfrogs
  2 water moccasin zombies (D:5)
  3 wights
  Dowan (D:4)
  A cyclops skeleton (Crypt:1)
  20 killer bees
  6 electric eels
  14 howler monkeys
  2 bullfrog zombies (D:5)
  A centaur zombie (D:5)
  A quasit (Abyss:3)
  Crazy Yiuf (D:6)
  8 hounds
  9 jellies
  2 gnoll boudas
  18 orc priests
  3 iguanas
  Ijyb (D:3)
  Natasha (thrice) (D:2)
  A sleepcap (D:5)
  29 orc wizards
  A boggart simulacrum (D:9)
  12 adders
  4 gnolls (D:5)
  3 river rats (Sewer)
  A shadow imp (D:6)
  5 white imps
  2 ufetubi
  A worm zombie (Crypt:1)
  An adder zombie (D:5)
  An adder skeleton (Crypt:2)
  9 worms
  2 dart slugs
  77 orcs
  9 ball pythons
  5 bats
  8 endoplasms
  11 giant cockroaches
  6 goblins
  2 hobgoblins
  8 jackals
  4 quokkas
  3 training dummies (Shoals:1)
  11 frilled lizards
  13 kobolds
  A kobold skeleton (Crypt:3)
  A quokka skeleton (Crypt:2)
  11 rats
  A river rat skeleton (Crypt:1)
  A spectral hobgoblin (D:3)
  2 butterflies (Lair:3)
  6 fire vortices
  2 starspawn tentacles (Abyss:3)
  3 tentacles (Shoals:2)
2183 creatures vanquished.

Vanquished Creatures (collateral kills)
  A dread lich (Depths:3)
  A juggernaut (Depths:1)
  A golden dragon (Depths:1)
  3 tentacled monstrosities
  A quicksilver dragon (Depths:2)
  2 titans
  6 acid blobs
  6 rockslimes
  An azure jelly (Slime:1)
  4 storm dragons
  2 nagarajas (Snake:4)
  An iron dragon (Depths:2)
  A frost giant (Depths:4)
  A deep elf sorcerer (Vaults:5)
  A vault warden (Vaults:5)
  A balrug (Pan)
  2 ironbound preservers
  2 reapers
  A stone giant (Vaults:5)
  A deep elf demonologist (Elf:2)
  2 dire elephants
  A red draconian (Depths:4)
  2 deep elf annihilators (Elf:3)
  A demonspawn black sun (Pan)
  A minotaur (Gauntlet)
  A lorocyproca (Hell)
  A fire dragon (Depths:3)
  A spark wasp (Depths:2)
  A yaktaur captain (Vaults:5)
  A jiangshi (Depths:3)
  A mummy priest (Crypt:2)
  A hydra (Lair:1)
  A vault guard (Vaults:5)
  A merfolk avatar (Shoals:4)
  A merfolk aquamancer (Shoals:2)
  A dancing weapon (Elf:2)
  A thrashing horror (Abyss:3)
  2 hell hogs (Depths:3)
  2 hell knights (Depths:3)
  2 sun demons
  A soul eater (WizLab)
  An iron troll (Depths:1)
  A spectral anaconda (Crypt:2)
  A sea snake (Shoals:4)
  3 deep elf archers (Elf:2)
  3 deep trolls (Vaults:1)
  A deep elf pyromancer (Elf:3)
  2 phantasmal warriors
  A deep elf zephyrmancer (Elf:2)
  A stone giant zombie (Crypt:1)
  2 ugly things (Vaults:4)
  A shining eye (Slime:1)
  A manticore (Shoals:2)
  A salamander (Snake:3)
  A black mamba (Snake:2)
  A molten gargoyle (Hell)
  A smoke demon (Hell)
  A vault sentinel (Vaults:5)
  2 orange demons (WizLab)
  A komodo dragon (Lair:1)
  A tormentor (WizLab)
  A red devil (WizLab)
  A merfolk (Shoals:4)
  3 blink frogs (Abyss:3)
  4 slime creatures
  2 snapping turtles
  A ynoxinul (Pan)
  2 fire elementals (Snake:1)
  A steam dragon (D:7)
  A warg (Orc:1)
  A hell hound (Snake:1)
  A centaur (D:7)
  A shadow imp (D:7)
  4 orcs
  A tentacle (Shoals:2)
116 creatures vanquished.

Vanquished Creatures (others)
  A fire giant (Depths:3)
  A salamander mystic (Snake:4)
  A hornet (D:12)
  A water elemental (D:14)
  A chaos spawn (Pan)
  A bullfrog zombie (Crypt:2)
  173 fire vortices
  15 tentacles (Shoals:2)
194 creatures vanquished.

Grand Total: 2493 creatures vanquished

Notes
Turn   | Place    | Note
-------+----------+-------------------------------------------
     0 | D:1      | Shayle the Demonspawn Reaver began the quest for the Orb.
     0 | D:1      | Reached XP level 1. HP: 16/16 MP: 3/3
   319 | D:1      | Gained mutation: When seriously injured, your blood forms
                  | armour. (AC +12) [demonic ancestry]
   319 | D:1      | Reached XP level 2. HP: 19/22 MP: 5/5
  1037 | D:1      | Reached skill level 1 in Necromancy
  1202 | D:2      | Noticed Natasha
  1216 | D:2      | Killed Natasha
  1217 | D:2      | Reached skill level 1 in Armour
  1217 | D:2      | Gained mutation: You regenerate magic rapidly. [demonic
                  | ancestry]
  1217 | D:2      | Reached XP level 3. HP: 12/26 MP: 3/6
  1338 | D:2      | Noticed Natasha
  1364 | D:2      | Killed Natasha
  1365 | D:2      | Reached XP level 4. HP: 12/32 MP: 5/8
  1606 | D:2      | Noticed Natasha
  1623 | D:2      | Killed Natasha
  1922 | D:2      | Gained mutation: When hurt, damage is shared between your
                  | health and your magic reserves. [demonic ancestry]
  1922 | D:2      | Reached XP level 5. HP: 38/38 MP: 9/9
  2128 | D:3      | Found a glowing drain.
  2174 | Sewer    | Entered a sewer
  2388 | Sewer    | Reached XP level 6. HP: 23/47 MP: 7/11
  2872 | Sewer    | Reached XP level 7. HP: 48/54 MP: 10/12
  3333 | D:3      | Found a shadowy altar of Dithmenos.
  3334 | D:3      | Found a snail-covered altar of Cheibriados.
  3347 | D:3      | Found a hazy altar of Hepliaklqana.
  3486 | D:3      | Found a faded altar of an unknown god.
  3498 | D:3      | Noticed Ijyb
  3511 | D:3      | Killed Ijyb
  4546 | D:4      | Noticed Duvessa
  4546 | D:4      | Noticed Dowan
  4571 | D:4      | Killed Duvessa
  4572 | D:4      | Reached skill level 5 in Fighting
  4572 | D:4      | Reached XP level 8. HP: 34/62 MP: 11/14
  4572 | D:4      | Killed Dowan
  4769 | D:4      | Reached skill level 5 in Necromancy
  5101 | D:5      | Entered Level 5 of the Dungeon
  5452 | D:5      | Reached skill level 5 in Spellcasting
  5461 | D:5      | Found a basalt altar of Yredelemnul.
  5590 | D:5      | Found a hide-covered altar of Uskayaw.
  5603 | D:5      | Found a staircase to the Ecumenical Temple.
  5612 | Temple   | Entered the Ecumenical Temple
  5617 | Temple   | Became a worshipper of Ashenzari the Shackled
  5668 | D:5      | Found an ancient bone altar of Kikubaaqudgha.
  5751 | D:5      | Found a sparkling altar of Nemelex Xobeh.
  5803 | D:5      | Reached skill level 5 in Armour
  6379 | D:6      | Reached XP level 9. HP: 34/69 MP: 11/17
  6583 | D:6      | Found a runed translucent door.
  6584 | D:6      | Noticed Crazy Yiuf
  6593 | D:6      | Killed Crazy Yiuf
  6724 | D:6      | Identified the +12 spear of the Depths {flame, rPois}
  7711 | D:7      | Reached skill level 1 in Fire Magic
  7724 | D:7      | Found a bloodstained altar of Trog.
  7724 | D:7      | Noticed Menkaure
  7731 | D:7      | Killed Menkaure
  7853 | D:7      | Reached skill level 2 in Fire Magic
  8044 | D:7      | Gained mutation: A weak demonic guardian rushes to your
                  | aid. [demonic ancestry]
  8044 | D:7      | Reached XP level 10. HP: 79/79 MP: 19/19
  8188 | D:7      | Reached skill level 3 in Fire Magic
  8400 | D:7      | Found a shimmering altar of Xom.
  8582 | D:7      | Found an ornate altar of the Wu Jian Council.
  8653 | D:8      | Found a transporter.
  8653 | D:8      | Noticed a green ugly thing
  8653 | D:8      | Noticed a purple ugly thing
  8653 | D:8      | Noticed a green ugly thing
  8655 | D:8      | Found a corrupted altar of Lugonu.
  8670 | D:8      | Found a stormy altar of Qazlal.
  8670 | D:8      | Noticed a two-headed ogre
  8691 | D:8      | Found Qukenk's Assorted Antiques.
  8696 | D:8      | Bought an amethyst potion for 21 gold pieces
  8696 | D:8      | Bought an amethyst potion for 21 gold pieces
  8696 | D:8      | Bought a scroll of identify for 48 gold pieces
  8696 | D:8      | Bought a brown potion for 21 gold pieces
  8696 | D:8      | Bought a viscous coppery potion for 21 gold pieces
  8696 | D:8      | Bought a brown potion for 21 gold pieces
  8755 | D:8      | Killed a two-headed ogre
  8756 | D:8      | Reached skill level 5 in Conjurations
  8876 | D:8      | Reached skill level 4 in Fire Magic
  8997 | D:8      | Found a transporter.
  9046 | D:8      | Found a blossoming altar of Fedhas.
  9646 | D:9      | Found a transporter.
  9661 | D:9      | Found a staircase to the Orcish Mines.
  9732 | D:9      | Found a radiant altar of Vehumet.
  9963 | D:9      | Found a staircase to the Lair.
 10231 | D:9      | Reached skill level 5 in Fire Magic
 10231 | D:9      | Gained mutation: You have a small tail. [demonic ancestry]
 10231 | D:9      | Reached XP level 11. HP: 83/89 MP: 19/21
 10363 | D:9      | Noticed a centaur warrior
 10364 | D:9      | Identified the +2 leather armour "Boitheg" {Contam MP-9
                  | Int+9}
 10364 | D:9      | Noticed retardedninja's ghost (journeyman GrFE)
 10415 | D:9      | Found a runed translucent gate.
 10415 | D:9      | Found a runed translucent gate.
 10423 | D:9      | Found a runed translucent gate.
 10462 | D:9      | Found a transporter.
 10462 | D:9      | Found Poteoco's Weapon Boutique.
 10552 | D:10     | Entered Level 10 of the Dungeon
 10831 | D:9      | Learned a level 4 spell: Sticky Flame
 10946 | D:10     | Noticed a two-headed ogre
 11198 | D:10     | Killed a two-headed ogre
 11444 | D:10     | Reached skill level 6 in Fire Magic
 11810 | D:11     | Noticed a two-headed ogre
 11833 | D:11     | Killed a two-headed ogre
 11851 | D:11     | Noticed a two-headed ogre
 11874 | D:11     | Killed a two-headed ogre
 11905 | D:11     | Reached skill level 10 in Fighting
 12007 | D:11     | Noticed a boulder beetle
 12017 | D:11     | Killed a boulder beetle
 12072 | D:11     | Noticed a two-headed ogre
 12088 | D:11     | Killed a two-headed ogre
 12123 | D:11     | Reached skill level 7 in Fire Magic
 12232 | D:11     | Found a transporter.
 12252 | D:11     | Noticed bahustanut's ghost (journeyman OpSh)
 12287 | D:11     | Found a transporter.
 12472 | D:12     | Noticed a boulder beetle
 12478 | D:12     | Killed a boulder beetle
 12498 | D:12     | Noticed a two-headed ogre
 12508 | D:12     | Killed a two-headed ogre
 12509 | D:12     | Reached XP level 12. HP: 90/100 MP: 20/25
 12845 | D:12     | Found Jemarr's Book Shoppe.
 12876 | D:12     | Reached skill level 8 in Fire Magic
 13015 | D:12     | Noticed a boulder beetle
 13022 | D:12     | Killed a boulder beetle
 13193 | D:12     | Identified a scroll of acquirement
 13195 | D:12     | Acquired the Quarto of Geomancy and the Geodesic
 13971 | Lair:1   | Entered Level 1 of the Lair of Beasts
 14440 | Lair:1   | Reached skill level 9 in Fire Magic
 14725 | Lair:1   | Reached skill level 10 in Spellcasting
 14909 | Lair:1   | Identified the +2 leather armour of Oli Faaz {rElec rF+
                  | rN+}
 15018 | Lair:1   | Noticed a six-headed hydra
 15036 | Lair:1   | Killed a six-headed hydra
 15037 | Lair:1   | Gained mutation: You have a tail ending in a sharp stinger.
                  | [demonic ancestry]
 15037 | Lair:1   | Reached XP level 13. HP: 82/109 MP: 25/27
 15226 | Lair:1   | Reached * piety under Ashenzari
 16217 | Lair:2   | Learned a level 6 spell: Starburst
 16772 | Lair:2   | Identified the +2 scale mail "Roub" {rPois rN+}
 16858 | Lair:2   | Reached ** piety under Ashenzari
 17203 | Lair:2   | Identified the ring of Oseulu {+Blink rPois rN++ Str+6
                  | Int-5 Slay+2}
 17203 | Lair:2   | Identified the +2 pair of boots of Zin's Castigation {rN+
                  | Dex+3}
 17647 | Lair:3   | Reached skill level 10 in Fire Magic
 17675 | Lair:3   | Noticed a dire elephant
 17693 | Lair:3   | Killed a dire elephant
 17804 | Lair:3   | Found a staircase to the Snake Pit.
 19183 | Lair:3   | Found a staircase to the Shoals.
 19487 | Lair:4   | Reached skill level 11 in Fire Magic
 19487 | Lair:4   | Gained mutation: When seriously injured, your blood forms
                  | thick armour. (AC +12) [demonic ancestry]
 19487 | Lair:4   | Reached XP level 14. HP: 102/121 MP: 12/30
 21052 | Lair:5   | Entered Level 5 of the Lair of Beasts
 21069 | Lair:5   | Found a staircase to the Slime Pits.
 22818 | Lair:5   | Reached skill level 12 in Fire Magic
 23556 | Lair:5   | Identified the Papyrus of the Dragon and Momentum
 23751 | Orc:1    | Entered Level 1 of the Orcish Mines
 24091 | Orc:2    | Entered Level 2 of the Orcish Mines
 24135 | Orc:2    | Found Zuiguaf's General Store.
 24308 | Orc:2    | Found Tecues's Book Emporium.
 24467 | Orc:2    | Paralysed by an ogre mage for 5 turns
 24638 | Orc:2    | Gained mutation: When seriously injured, your blood forms
                  | very thick armour. (AC +12) [demonic ancestry]
 24638 | Orc:2    | Reached XP level 15. HP: 111/131 MP: 17/32
 24870 | Orc:2    | Found Ginwatu's Antique Armour Shoppe.
 24881 | Orc:2    | Bought a pair of steaming gloves for 294 gold pieces
 24881 | Orc:2    | Identified the +2 pair of gloves "Xefear" {rF+ rN+ Int+2}
                  | (You bought it in a shop on level 2 of the Orcish Mines)
 24925 | Orc:2    | Found Gitewias's Book Boutique.
 24925 | Orc:2    | Found Lerymnus's Magic Scroll Emporium.
 24927 | Orc:2    | Found Kaam's General Store.
 24927 | Orc:2    | Found Aweeconn's General Store.
 24946 | Orc:2    | Bought a scroll of teleportation for 42 gold pieces
 24947 | Orc:2    | Bought a potion of curing for 45 gold pieces
 24948 | Orc:2    | Bought a scroll of enchant armour for 105 gold pieces
 25019 | Orc:2    | Found Kemeuquxi's Antique Weapon Emporium.
 25093 | Orc:2    | Reached skill level 13 in Fire Magic
 25503 | Orc:2    | Found a staircase to the Elven Halls.
 25673 | Orc:2    | Found Faeg's Assorted Antiques.
 25676 | Orc:2    | Bought a scroll of teleportation for 72 gold pieces
 25676 | Orc:2    | Bought a scroll of teleportation for 72 gold pieces
 25676 | Orc:2    | Bought a scroll labelled LUWABR AJUI for 24 gold pieces
 26719 | D:13     | Found a gate to the Vaults.
 27232 | D:14     | Found Jirghawn's Jewellery Shop.
 27235 | D:14     | Bought the amulet of Sinoas {Reflect Dex+2 SH+5} for 453
                  | gold pieces
 27342 | D:14     | Found a gate leading to a gauntlet.
 27351 | Gauntlet | Entered a Gauntlet
 27351 | Gauntlet | Identified the ring "Quvisu" {rCorr Str+9}
 27351 | Gauntlet | Found a transporter.
 27351 | Gauntlet | Found a transporter.
 27352 | Gauntlet | Found a transporter.
 27352 | Gauntlet | Found a transporter.
 27355 | Gauntlet | Found a transporter.
 27357 | Gauntlet | Found a large runed translucent door.
 27358 | Gauntlet | Found a large runed translucent door.
 27359 | Gauntlet | Found a large runed translucent door.
 27359 | Gauntlet | Found a large runed translucent door.
 27360 | Gauntlet | Found a large runed translucent door.
 27362 | Gauntlet | Found a large runed translucent door.
 27362 | Gauntlet | Found a large runed translucent door.
 27362 | Gauntlet | Found a large runed translucent door.
 27363 | Gauntlet | Found a runed translucent door.
 27363 | Gauntlet | Found a runed translucent gate.
 27365 | Gauntlet | Found a transporter.
 27365 | Gauntlet | Identified the ring of Cuum {rF+ Will+ Dex+3}
 27431 | Gauntlet | Found a transporter.
 27443 | Gauntlet | Found a transporter.
 27456 | Gauntlet | Found a transporter.
 27470 | Gauntlet | Found a transporter.
 27485 | Gauntlet | Found a transporter.
 27487 | Gauntlet | Found a large runed translucent door.
 27488 | Gauntlet | Found a large runed translucent door.
 27489 | Gauntlet | Found a large runed translucent door.
 27489 | Gauntlet | Found a large runed translucent door.
 27490 | Gauntlet | Found a runed translucent gate.
 27491 | Gauntlet | Found a transporter.
 27491 | Gauntlet | Found a runed translucent gate.
 27504 | Gauntlet | Found a runed translucent door.
 27564 | Gauntlet | Acquired the +3 greatsling "Punk" {acid, rCorr}
 27564 | Gauntlet | Found the +3 greatsling "Punk" {acid, rCorr}
 28067 | D:14     | Found Mepadiat's Book Boutique.
 28210 | D:14     | Found Hesk's Distillery.
 28230 | D:14     | Reached skill level 10 in Armour
 28251 | D:14     | Bought a potion of mutation for 120 gold pieces
 28251 | D:14     | Bought a potion of mutation for 120 gold pieces
 28251 | D:14     | Bought a potion of heal wounds for 75 gold pieces
 28343 | D:14     | Found an iron altar of Okawaru.
 28347 | D:14     | Noticed Nessos
 28359 | D:14     | Killed Nessos
 28809 | D:15     | Entered Level 15 of the Dungeon
 28817 | D:15     | Reached skill level 14 in Fire Magic
 29329 | D:15     | Identified the ring "Baleo" {rC+ Will+}
 29361 | D:15     | Found a staircase to the Depths.
 30129 | D:15     | Identified the +11 sling "Newtslayer" {antimagic, rC+ Str-3
                  | Int+4 Stlth+}
 30757 | D:15     | Reached XP level 16. HP: 119/137 MP: 20/33
 31308 | Shoals:1 | Entered Level 1 of the Shoals
 31382 | Shoals:1 | Found a frozen archway.
 31402 | IceCv    | Entered an ice cave
 32241 | IceCv    | Reached skill level 1 in Shields
 32335 | IceCv    | Reached skill level 15 in Fire Magic
 32813 | Shoals:1 | Identified the +9 spear of Hoehalubb {pain, rN+}
 33009 | Shoals:1 | Found Jugh's Firing Range.
 33697 | Shoals:2 | Noticed a kraken
 33736 | Shoals:2 | Killed a kraken
 34448 | Shoals:2 | Found Poakedec's Jewellery Shoppe.
 34744 | Shoals:1 | Learned a level 8 spell: Ignition
 35369 | Shoals:2 | Reached skill level 16 in Fire Magic
 36042 | Shoals:3 | Found a runed translucent door.
 36047 | Shoals:3 | Noticed Koceploe's ghost (adept MfGl)
 36795 | Shoals:4 | Entered Level 4 of the Shoals
 37089 | Shoals:4 | Found Torob's Assorted Antiques.
 37165 | Shoals:4 | Identified Sif Muna's Octavo of Metamorphic Transposition
 37404 | Shoals:4 | Bought 2 scrolls of summoning for 608 gold pieces
 37565 | Shoals:4 | Identified the ring "Cykaboda" {rN+++ rCorr Str-5 Dex+5}
 37982 | Shoals:4 | Reached skill level 17 in Fire Magic
 38349 | Shoals:4 | Identified the +6 war axe "Pagesch" {speed, Will++ Str+4
                  | SInv Stlth-}
 38690 | Shoals:4 | Gained mutation: When low on magic, you restore magic in
                  | place of health. [demonic ancestry]
 38690 | Shoals:4 | Reached XP level 17. HP: 88/143 MP: 12/34
 39727 | Shoals:4 | Got a barnacled rune of Zot
 39870 | Snake:1  | Entered Level 1 of the Snake Pit
 39912 | Snake:1  | Noticed Roxanne
 39933 | Snake:1  | Noticed Azrael
 40125 | Vaults:1 | Entered Level 1 of the Vaults
 40174 | Vaults:1 | HP: 6/143 [something (3)]
 40175 | Vaults:1 | Reached skill level 18 in Fire Magic
 40895 | Lair:3   | Learned a level 3 spell: Ignite Poison
 40902 | Lair:3   | Learned a level 6 spell: Eringya's Noxious Bog
 41065 | Elf:1    | Entered Level 1 of the Elven Halls
 41117 | Elf:1    | Reached skill level 1 in Transmutations
 41117 | Elf:1    | Reached skill level 1 in Poison Magic
 41892 | Elf:1    | Found Byclob's Weapon Shop.
 42125 | Elf:1    | Learned a level 4 spell: Airstrike
 42221 | Elf:1    | Paralysed by an air elemental for 1 turns
 42524 | Elf:1    | Reached skill level 1 in Air Magic
 42585 | Elf:2    | Identified the +10 trident "Woske" {venom, rPois}
 42617 | Elf:2    | Noticed a Tzitzimitl
 42947 | Abyss:3  | Cast into level 3 of the Abyss (a deep elf sorcerer)
 43005 | Elf:1    | Escaped the Abyss
 43586 | Elf:1    | Noticed an Ice Fiend
 43660 | Elf:1    | Found a runed translucent gate.
 43660 | Elf:1    | Found a runed translucent gate.
 43660 | Elf:1    | Found a runed translucent gate.
 43660 | Elf:1    | Found a runed translucent gate.
 43660 | Elf:1    | Found a runed translucent gate.
 43668 | Elf:1    | Found a runed translucent gate.
 44622 | Elf:2    | Reached skill level 5 in Poison Magic
 44760 | Abyss:3  | Cast into level 3 of the Abyss (a deep elf demonologist)
 44901 | Abyss:3  | Found a corrupted altar of Lugonu.
 44951 | Elf:2    | Escaped the Abyss
 44954 | Elf:2    | Reached XP level 18. HP: 122/151 MP: 18/35
 44957 | Elf:2    | Reached skill level 5 in Transmutations
 45415 | Elf:2    | Found a runed translucent gate.
 45416 | Elf:2    | Found a runed translucent gate.
 45416 | Elf:2    | Found a runed translucent gate.
 45425 | Elf:2    | Noticed Aizul
 45436 | Elf:2    | Killed Aizul
 45769 | Elf:2    | Reached skill level 5 in Air Magic
 46613 | Elf:3    | Entered Level 3 of the Elven Halls
 46624 | Elf:3    | Identified the amulet of Mynegifa {Acrobat rF- Will+
                  | Slay+3}
 46871 | Elf:3    | Identified the amulet "Ogagg" {Regen+ Dex+2}
 47523 | D:8      | Identified the ring of Oseulu {+Blink rPois rN++ Str+6
                  | Int-5 Slay+2}
 47621 | D:9      | Identified the +2 pair of boots of Zin's Castigation {rN+
                  | Dex+3}
 47670 | D:9      | Killed retardedninja's ghost
 47671 | D:9      | Reached skill level 19 in Fire Magic
 47887 | D:11     | Killed bahustanut's ghost
 48068 | Snake:1  | Killed Azrael
 48603 | Snake:1  | You fall into a shaft and drop 1 floor!
 49041 | Snake:1  | Noticed Josephine
 49044 | Snake:1  | Killed Josephine
 49851 | Snake:2  | Noticed Louise
 50568 | Snake:2  | Found Ikuim's Jewellery Shop.
 50576 | Snake:2  | Bought the amulet of Uwnuag {Reflect Will+ Int+2 SH+5} for
                  | 608 gold pieces
 50624 | Snake:2  | Killed Louise
 51776 | Snake:3  | Gained mutation: A demonic guardian rushes to your aid.
                  | [demonic ancestry]
 51776 | Snake:3  | Reached XP level 19. HP: 119/157 MP: 33/36
 52274 | Snake:3  | Found Jefialeh's Assorted Antiques.
 52278 | Snake:3  | Found Fuhiufiz's Assorted Antiques.
 52301 | Snake:3  | Bought a scroll of blinking for 262 gold pieces
 52301 | Snake:3  | Bought a potion of curing for 105 gold pieces
 52301 | Snake:3  | Bought a glittering pewter amulet for 175 gold pieces
 52301 | Snake:3  | Identified the amulet "Trusted Companion" {Acrobat Harm
                  | Rampage rC-} (You bought it in a shop on level 3 of the
                  | Snake Pit)
 52430 | Snake:4  | Entered Level 4 of the Snake Pit
 52484 | Snake:4  | Found Fagyg's Self-Improvement Boutique.
 54793 | Snake:4  | Noticed Vashnia
 55138 | Snake:4  | Killed Vashnia
 55554 | Snake:4  | Got a serpentine rune of Zot
 57091 | Vaults:1 | Reached skill level 10 in Poison Magic
 58067 | Vaults:1 | Reached skill level 20 in Fire Magic
 58875 | Vaults:1 | Gained mutation: You are robust. (+10% HP) [demonic
                  | ancestry]
 58875 | Vaults:1 | Reached XP level 20. HP: 116/180 MP: 17/37
 60785 | Vaults:2 | Acquired 802 gold pieces
 61356 | Vaults:2 | Reached skill level 21 in Fire Magic
 61533 | Vaults:2 | Found a staircase to the Crypt.
 61646 | Vaults:2 | Acquired 951 gold pieces
 61917 | Vaults:3 | Found a magical portal.
 61922 | WizLab   | Entered The Hall of the Hellbinder
 62838 | WizLab   | Noticed Ompijor
 62852 | WizLab   | Killed Ompijor the Hellbinder
 62853 | WizLab   | Found a burning altar of Makhleb.
 62854 | WizLab   | Identified Dispater's Encyclopedia of Production
 63019 | WizLab   | Identified the amulet "Isafus" {Will+ Regen+ Slay+3}
 63020 | WizLab   | Identified the +0 cloak of the Supporting Gods {rPois Str+4
                  | Int+4}
 63021 | WizLab   | Identified the +3 cloak of Tender Moments {rPois rF+
                  | Slay+3}
 63378 | Vaults:3 | Reached skill level 22 in Fire Magic
 64280 | Vaults:3 | Identified the +1 sling "Shayle's Doom" {freeze, rPois
                  | Will- Dex+3}
 65183 | Vaults:3 | Learned a level 9 spell: Fire Storm
 65228 | Vaults:4 | Gained mutation: A powerful demonic guardian rushes to your
                  | aid. [demonic ancestry]
 65228 | Vaults:4 | Reached XP level 21. HP: 186/188 MP: 27/38
 65422 | Vaults:4 | Reached skill level 23 in Fire Magic
 65819 | Vaults:4 | Found Kodumil's Assorted Antiques.
 66564 | Vaults:4 | Noticed Jory
 66574 | Vaults:4 | Killed Jory
 67237 | Vaults:5 | Entered Level 5 of the Vaults
 67237 | Vaults:5 | Noticed a golden dragon
 67241 | Vaults:5 | Reached skill level 24 in Fire Magic
 67245 | Vaults:5 | Noticed a golden dragon
 67246 | Vaults:5 | Killed a golden dragon
 67472 | Vaults:5 | Identified the ring "Sifio" {rElec rN+ rCorr Str-4 Dex+2}
 67595 | Vaults:5 | Noticed Sojobo
 67639 | Vaults:5 | HP: 9/188 [stone giant/large rock (15)]
 67795 | Vaults:5 | Reached skill level 25 in Fire Magic
 67865 | Vaults:5 | Identified the +4 war axe "Tossenk" {speed, rF+ Dex+2 SInv}
 67975 | Vaults:5 | Reached XP level 22. HP: 112/195 MP: 8/39
 68291 | Vaults:5 | Noticed a golden dragon
 68328 | Vaults:5 | Killed a golden dragon
 68344 | Vaults:5 | Killed Sojobo
 69328 | Vaults:5 | HP: 9/195 [unseen horror (glowing shapeshifter) (4)]
 69917 | Vaults:5 | Reached skill level 10 in Conjurations
 69939 | Vaults:5 | Killed a golden dragon
 70119 | Vaults:5 | Identified the +7 ring mail of the Untouchables {Will+}
 70562 | Vaults:5 | Identified the +6 flail "Genk" {flame, +Blink Int+8}
 70582 | Vaults:5 | Got a silver rune of Zot
 71279 | Vaults:5 | Identified the amulet "Jak Jag" {Acrobat Str+5 Dex+4
                  | Stlth-}
 71280 | Vaults:5 | Found Rujyll's Book Shoppe.
 72776 | Elf:3    | Identified the +1 war axe "Ulead" {antimagic, rF+ Dex+3}
 73067 | Elf:3    | Identified the +2 chain mail of Lifelessness {rCorr Str+3
                  | Int+4}
 73761 | Elf:3    | Identified the +3 sling "Wytsef" {heavy, rF- rN+++ Str-3
                  | Int+2}
 73761 | Elf:3    | Identified Asmodeus's Quarto of Outbursts
 73762 | Elf:3    | Identified the Quarto of Bright Enchantment
 73775 | Elf:3    | Identified the Discursus on Dusty Hoarfrost
 73926 | Elf:3    | Acquired Poabb's Anthology of Destruction
 74232 | Slime:1  | Entered Level 1 of the Pits of Slime
 74292 | Slime:1  | Identified the cursed +2 cloak "Share My Chagrin" {Comp,
                  | Cun} (You took it off Crazy Yiuf on level 6 of the Dungeon)
 74292 | Slime:1  | Identified the cursed +2 hat of Ashenzari's Soothsayer
                  | {Bglg, Alch} (You found it on level 9 of the Dungeon)
 74748 | Shoals:3 | Killed Koceploe's ghost
 75052 | Snake:1  | Killed Roxanne
 75533 | Slime:1  | Gained mutation: You are dopey. (Int -2) [a shining eye]
 75535 | Slime:1  | Lost mutation: You are dopey. (Int -2) [potion of mutation]
 75535 | Slime:1  | Gained mutation: Armour fits poorly on your strangely
                  | shaped body. [potion of mutation]
 75536 | Slime:1  | Lost mutation: Armour fits poorly on your strangely shaped
                  | body. [potion of mutation]
 75536 | Slime:1  | Gained mutation: You are dopey. (Int -2) [potion of
                  | mutation]
 75536 | Slime:1  | Gained mutation: Your spells are a little harder to cast,
                  | but a little more powerful. [potion of mutation]
 75537 | Slime:1  | Lost mutation: You are dopey. (Int -2) [potion of mutation]
 75537 | Slime:1  | Lost mutation: Your spells are a little harder to cast, but
                  | a little more powerful. [potion of mutation]
 75537 | Slime:1  | Gained mutation: Your skin changes colour to match your
                  | surroundings (Stealth+). [potion of mutation]
 75537 | Slime:1  | Gained mutation: You expend magic power (3 MP) to
                  | strengthen your wands. [potion of mutation]
 75537 | Slime:1  | Gained mutation: You are very robust. (+20% HP) [potion of
                  | mutation]
 75537 | Slime:1  | Gained mutation: You passively map a small area around you.
                  | [potion of mutation]
 76261 | Slime:5  | Entered Level 5 of the Pits of Slime
 76755 | Slime:5  | Learned a level 5 spell: Freezing Cloud
 76771 | Slime:4  | Reached skill level 1 in Ice Magic
 76771 | Slime:4  | Reached XP level 23. HP: 220/220 MP: 9/40
 76837 | Slime:5  | Noticed Dissolution
 77101 | Depths:1 | Entered Level 1 of the Depths
 77265 | Depths:1 | Reached skill level 15 in Conjurations
 77377 | Depths:1 | Found Beorghocy's Magic Scroll Shoppe.
 77379 | Depths:1 | Found a gateway to Hell.
 77385 | Depths:1 | Bought a scroll of teleportation for 30 gold pieces
 77465 | Depths:1 | Found a one-way gate to the infinite horrors of the Abyss.
 77728 | Depths:1 | Found a radiant altar of Vehumet.
 77728 | Depths:1 | Identified the +2 robe "Utiethud" {*Slow rC+ rCorr}
 77759 | Depths:1 | Found the +3 crown of Dyrovepreva {rElec Int+2 SInv}
 78673 | Depths:2 | Noticed a juggernaut
 78697 | Depths:2 | Killed a juggernaut
 78961 | Depths:2 | Noticed a juggernaut
 78967 | Depths:2 | Killed a juggernaut
 78975 | Depths:2 | Noticed a juggernaut
 79191 | Depths:2 | Found a one-way gate leading to the halls of Pandemonium.
 79261 | Depths:2 | Reached skill level 5 in Ice Magic
 79492 | Depths:2 | Noticed a juggernaut
 81121 | Depths:2 | Found a hide-covered altar of Uskayaw.
 81666 | Depths:1 | Killed a juggernaut
 81988 | Depths:2 | Killed a juggernaut
 82512 | Depths:2 | Found a one-way gateway to a ziggurat.
 83096 | Depths:3 | Found a portal to a secret trove of treasure.
 83452 | Depths:3 | Found an ancient bone altar of Kikubaaqudgha.
 84458 | Depths:3 | Noticed a caustic shrike
 84520 | Depths:3 | Noticed a dread lich
 84526 | Depths:3 | Killed a dread lich
 84535 | Depths:3 | Gained mutation: You have a sharp stinger which inflicts
                  | weakening toxins. [demonic ancestry]
 84535 | Depths:3 | Reached XP level 24. HP: 126/229 MP: 8/40
 85324 | Depths:3 | Identified the +4 shortbow of Hissije {heavy, *Slow rF+
                  | Str+4}
 86275 | Slime:3  | Paralysed by a formless jellyfish for 1 turns
 86440 | Slime:3  | You fall into a shaft and drop 1 floor!
 86487 | Slime:5  | Reached skill level 10 in Ice Magic
 87406 | Slime:5  | Killed Dissolution
 88212 | Slime:4  | Learned a level 2 spell: Blink
 88224 | Slime:5  | Noticed the Royal Jelly
 88231 | Slime:5  | Killed the Royal Jelly
 88836 | Slime:5  | Identified the +10 dagger "Nenocie" {elec, Drain rC+++
                  | Int-5 Stlth+}
 88847 | Slime:5  | Identified the staff "Grim Tooth" {rElec rF+ rC+++ Int+6
                  | Dex-2 Fire}
 88851 | Slime:5  | Identified the staff "Jynousop" {rPois Int+2 Dex+2 Poison}
 88861 | Slime:5  | Identified the +6 hand axe "Uptikh" {freeze, Dex+4}
 88862 | Slime:5  | Identified the +7 hand axe "Sarcophage" {pain, Will+ rCorr
                  | Int-3}
 88869 | Slime:5  | Got a slimy rune of Zot
 88893 | Slime:5  | Identified the ring "Siuc" {Contam rPois rN++ Dex+6}
 90241 | Depths:3 | Identified the +2 leather armour of Refuge {rPois Int+3}
 90402 | Depths:4 | Entered Level 4 of the Depths
 90420 | Depths:4 | Noticed a juggernaut
 91034 | Depths:3 | Voluntarily entered the Abyss.
 91055 | Abyss:3  | Found a corrupted altar of Lugonu.
 91058 | Abyss:3  | Got an abyssal rune of Zot
 91192 | Abyss:3  | Found a corrupted altar of Lugonu.
 91340 | Depths:3 | Escaped the Abyss
 91345 | Depths:3 | Reached *** piety under Ashenzari
 91446 | Pan      | Entered Pandemonium
 92653 | Abyss:3  | Cast into level 3 of the Abyss (chaos spawn)
 92664 | Abyss:3  | Found a corrupted altar of Lugonu.
 92670 | Pan      | Escaped the Abyss
 93923 | Depths:2 | Escaped Pandemonium
 95009 | Crypt:1  | Entered Level 1 of the Crypt
 95067 | Crypt:1  | Reached skill level 1 in Shapeshifting
 96401 | Crypt:2  | Noticed Saint Roka
 96402 | Crypt:2  | Reached XP level 25. HP: 237/237 MP: 39/41
 96406 | Crypt:2  | Killed Saint Roka
 96859 | Crypt:2  | Noticed Zenata
 96867 | Crypt:2  | Killed Zenata
 98269 | Crypt:2  | Gained mutation: Your body sometimes deteriorates upon
                  | taking damage. [mutagenic glow]
 98485 | Crypt:2  | Noticed a royal mummy
 98495 | Crypt:2  | Gained mutation: You are dopey. (Int -2) [mutagenic glow]
 98534 | Crypt:2  | Gained mutation: You are weak. (Str -2) [mutagenic glow]
 98549 | Crypt:1  | Gained mutation: Armour fits poorly on your strangely
                  | shaped body. [mutagenic glow]
 99491 | Crypt:3  | Entered Level 3 of the Crypt
100067 | Shoals:2 | Bought the ring of Zeatek {rPois rC+ Int+3} for 552 gold
                  | pieces
100078 | Shoals:2 | Learned a level 9 spell: Polar Vortex
100928 | Depths:4 | Killed a juggernaut
100929 | Depths:4 | Reached skill level 5 in Shapeshifting
101307 | Depths:4 | Reached skill level 15 in Ice Magic
103007 | Depths:4 | Found a gate to the Realm of Zot.
103298 | Depths:4 | Lost mutation: You are very robust. (+20% HP) [mutagenic
                  | glow]
103521 | Depths:4 | Found Cotto's Assorted Antiques.
103523 | Depths:4 | Found Iraloih's General Store.
103525 | Depths:4 | Found Bayniyri's Armour Shoppe.
103529 | Depths:4 | Bought a scroll of teleportation for 93 gold pieces
103529 | Depths:4 | Bought a scroll of fog for 124 gold pieces
103531 | Depths:4 | Bought a wand of iceblast (5) for 144 gold pieces
103623 | Depths:4 | Found a blossoming altar of Fedhas.
103631 | Depths:4 | Acquired the Book of the Destructive Jinx
103993 | Depths:4 | Identified the +7 demon blade of Exquisite Death {flame,
                  | rPois}
104620 | Hell     | Entered the Vestibule of Hell
104620 | Hell     | Noticed Geryon
104687 | Hell     | Found a gateway to the Iron City of Dis.
104690 | Hell     | Found a gateway to the ashen valley of Gehenna.
104699 | Hell     | HP: 6/217 [smoke demon/divine providence (8)]
104702 | Hell     | Slain by a hell knight

Illustrated notes

Levels and vault maps discovered:
D:1:      psy_arrival_radial01, layout_loops_corners
D:2:      layout_loops_cross, kennysheep_generic_room_2, uniq_natasha
D:3:      layout_basic, grunt_temple_overflow_open, portal_sewer_entry_a,
          dreamdust_ecumenical_altar_drowned_temple,
          minmay_large_rounded_square, uniq_ijyb
D:4:      minmay_angry_zag, layout_loops_corners, uniq_duvessa
D:5:      layout_loops_cross, nicolae_yredelemnul_corpse_copse,
          nemelex_spade_bored_becter, lemuel_crystal_altar,
          mainiacjoe_overflow_paths, minmay_temple_entry_large_hall
D:6:      layout_loops_corners, minmay_checkerbox, uniq_crazy_yiuf_cottage
D:7:      layout_cave_pools, xom_confusion_cloud,
          pdpol_wu_jian_five_deadly_venoms, kennysheep_little_box,
          minmay_circle_x, uniq_menkaure
D:8:      gammafunk_corrupted_shrine, layout_rooms, lemuel_tele_altar,
          mainiacjoe_overflow_alcove_1, special_room [special_room_orc],
          serial_shops, shop, minmay_misc_feat_square
D:9:      gammafunk_cloud_chamber, layout_cave_pools,
          nicolae_vehumet_altar_sigil, lair_entry_dummy, orc_0_dummy,
          serial_shops, kennysheep_mini, gammafunk_ghost_split,
          roderic_serpentine_path, minmay_puff
D:10:     layout_small_grid
D:11:     layout_loops_ring, gammafunk_ghost_berserking_beasts
D:12:     layout_irregular_city, serial_shops, shop, dreamdust_wasp_nest
D:13:     layout_loops_cross, hellmonk_vaults_attempted_burglary
D:14:     layout_irregular_city, serial_shops, nicolae_shop_rolling_square,
          nicolae_shop_industrial_runoff, nicolae_shop_window_shopping,
          okawaru_gym_becter, gauntlet_entry_generic, lemuel_freeze_loot_1,
          uniq_nessos
D:15:     grunt_enter_depths_giant_problem, layout_basic, grunt_decor_arrowhead,
          hangedman_parallel_progression
Temple:   hellmonk_temple_micro_hex
Lair:1:   layout_loops_ring, minmay_shattered_shrine, grunt_megastairs_2
Lair:2:   layout_hall_layers, minivault_26, infiniplex_staircase_pool,
          lemuel_fruit_fields, serial_bayou_shore_a, lemuel_fruit_fields,
          serial_bayou_shore_b, serial_bayou_shore_b
Lair:3:   mu_elephants_graveyard, layout_cave_pods,
          nicolae_shoals_entry_flooding, guppyfry_snake_entry_island,
          minivault_26, lemuel_fruit_fields
Lair:4:   layout_concentric_octagons, serial_forest,
          infiniplex_forest_clump_diagonal, infiniplex_forest_corner_2,
          infiniplex_forest_straight_3, infiniplex_forest_clump_double,
          pdpol_lair_neglected_garden
Lair:5:   evilmike_catoblepas_cave, layout_layer_cave,
          nicolae_slime_entry_field_trip
Shoals:1: layout_shoals, portal_ice_cave_entry_frozen_things,
          nicolae_shop_firing_range
Shoals:2: layout_shoals, serial_shops, shop
Shoals:3: layout_shoals, ebering_ghost_reflecting_pool
Shoals:4: shoals_end_simple, layout_shoals, serial_shops,
          nicolae_shop_window_shopping, nicolae_shoals_elemental_ambush
Snake:1:  layout_onion, drop_trap, st_stairs_6, nicolae_triple_integral,
          uniq_roxanne, uniq_azrael, uniq_josephine
Snake:2:  layout_gridlike, serial_shops, shop, nicolae_snake_bzzzt, uniq_louise
Snake:3:  layout_basic, grunt_megastairs_5, minmay_shoptagon
Snake:4:  johnstein_snake_rune_scales, layout_chambers, nicolae_shop_self_help
Slime:1:  layout_caves
Slime:2:  layout_caves
Slime:3:  layout_caves
Slime:4:  layout_caves
Slime:5:  slime_pit_nicolae_amoeboid, uniq_dissolution
Orc:1:    layout_caves
Orc:2:    st_orc_ogre_mass, layout_caves, serial_shops, shop,
          nicolae_shop_tiny_glass, shop, nicolae_book_shop_shelving,
          nicolae_shop_real_fake_doors
Elf:1:    nicolae_elf_arrival_fired_up, layout_geoelf_diagonals, serial_shops,
          shop, orc_legates, einodemon_armed_red_devil_minivault
Elf:2:    nicolae_elf_blades_crystal_corner, layout_geoelf_grid, uniq_aizul
Elf:3:    minmay_elf_hall_curves, layout_geoelf_diagonals
Vaults:1: v_misc_30, hangedman_vaults_cutoff, st_cells, v_misc_30,
          nicolae_vaults_big_ls, nicolae_vaults_trapezoid_layered,
          ontoclasm_vaults_decontamination, hangedman_vaults_pinch,
          nicolae_vaults_trapezoid_4, nicolae_vaults_closet_pinwheel_5,
          nicolae_vaults_hexular_roomagon, nicolae_vaults_house_1,
          nicolae_vaults_diamond_1, nicolae_vaults_double_plus_3,
          nicolae_vaults_tetromino_Z_2, layout_vaults_ring,
          serial_hangedman_research, serial_shops
Vaults:2: nicolae_vaults_tetromino_Z_2, minmay_crypt_entry_vampire_xt,
          v_misc_17, ontoclasm_vaults_tryst, v_rooms_3,
          nicolae_vaults_border_crossing, hangedman_vaults_stretched_pinwheel,
          vaults_standard_mumra_x, vaults_dpeg_ring, vaults_room_glass_cross,
          vaults_dpeg_encased_lava, layout_vaults_omnicross
Vaults:3: mu_enter_wizlab_1, nicolae_vaults_heist, nicolae_vaults_tetromino_T_1,
          vaults_room_grid, nicolae_vaults_sealed_display,
          nicolae_vaults_tangram_1, nicolae_vaults_trapezoid_lopsided_1,
          vaults_room_grunt_arrival_ludios, nicolae_vaults_mini_display_case,
          nicolae_vaults_tetromino_T_1, layout_vaults_omnigrid
Vaults:4: hangedman_vaults_impose, nicolae_vaults_house_3,
          nicolae_vaults_storage_closets_1, nicolae_vaults_closet_pinwheel_4,
          nicolae_vaults_little_squares_6, nicolae_vaults_circle_grid_a,
          hangedman_vaults_hat, vaults_mumra_lcd,
          hangedman_vaults_stretched_pinwheel, nicolae_vaults_six-pack,
          ontoclasm_vaults_shuriken, v_misc_25, nicolae_vaults_tangram_1,
          vaults_mumra_minichess_inversion, nicolae_vaults_little_ls,
          nicolae_vaults_more_shelving_2, nicolae_vaults_house_2,
          layout_vaults_omnibox, serial_shops,
          nicolae_shop_pleasant_corner_grove, uniq_jory
Vaults:5: uniq_sojobo
Crypt:1:  layout_basic
Crypt:2:  lemuel_minitomb, layout_basic, uniq_saint_roka, uniq_zenata
Crypt:3:  church_of_pain_bobbens, layout_chaotic_city,
          tomb_entry_simple_bobbens, uniq_margery
Depths:1: layout_gridlike, serial_shops, shop, abyss_entry, hell_entry,
          grunt_tower_of_power, hangedman_decor_cross_pass
Depths:2: minmay_central_circle, layout_gridville, enter_ziggurat_d,
          abyss_entry, pf_coc_iceberg, grunt_pan_entry_zigzag,
          nicolae_uskayaw_en_pointe
Depths:3: minmay_three_patterns, layout_gridlike, hellmouth_3, abyss_entry,
          nicolae_trove_entry_crossroad, kiku_gazebo_pond_becter,
          infiniplex_staircase_zigzag_3
Depths:4: grunt_crosshair, layout_honeycomb, fedhas_altar_2, hellmouth_1,
          minmay_shop_star
Hell

Skill      XL: |  1  2  3  4  5  6  7  8  9 10 11 12 13 14 15 16 17 18 19 20 21 22 23 24 25 |
---------------+----------------------------------------------------------------------------+-----
Necromancy     | 1 2 3 4 6 |  6.8
Armour         | 1 2 3 4 5 6 7 8 11 | 11.5
Fighting       | 3 4 5 6 7 8 10 12 13 14 | 14.9
Spellcasting   | 3 4 5 6 8 10 11 12 | 12.8
Fire Magic     | 2 5 7 9 11 12 14 17 18 19 20 22 25 | 25.0
Conjurations   | 4 5 6 14 17 19 | 19.0
Shields        | 4 |  4.0
Transmutations | 4 7 9 |  9.6
Poison Magic   | 5 8 10 | 10.4
Air Magic      | 4 7 9 |  9.3
Ice Magic      | 1 9 14 15 | 15.9
Shapeshifting  | 2 7 |  7.6
Polearms       | |  2.6
Dodging        | |  1.7

Action                     |  1- 3 |  4- 6 |  7- 9 | 10-12 | 13-15 | 16-18 | 19-21 | 22-24 | 25-27 || total
---------------------------+-------+-------+-------+-------+-------+-------+-------+-------+-------++-------
  Melee: Spear             |   123 |    49 |    67 |   561 |   491 |   305 |   380 |       |       ||  1976
         Punch             |     1 |     1 |     4 |     3 |       |       |       |       |       ||     9
         Short sword       |       |   101 |   334 |       |       |       |       |       |       ||   435
         Whip              |       |    25 |       |       |       |       |       |       |       ||    25
         Tailslap          |       |       |       |    63 |   104 |    68 |   117 |    89 |    16 ||   457
         Mace              |       |       |       |       |       |     7 |       |       |       ||     7
         War axe           |       |       |       |       |       |    19 |       |       |       ||    19
         Bo                |       |       |       |       |       |       |    92 |   315 |    61 ||   468
   Fire: Greatsling        |       |       |       |       |    82 |   324 |       |       |       ||   406
  Throw: Dart              |       |       |       |    31 |    25 |     8 |       |     2 |       ||    66
         Throwing net      |       |       |       |       |     1 |     1 |       |       |       ||     2
   Cast: Kiss of Death     |     3 |     1 |     2 |       |       |       |       |       |       ||     6
         Starburst         |       |       |       |       |   258 |   269 |    50 |    95 |    24 ||   696
         Airstrike         |       |       |       |       |       |   239 |   359 |   527 |    70 ||  1195
         Ignition          |       |       |       |       |       |    67 |   242 |   276 |    17 ||   602
         Ignite Poison     |       |       |       |       |       |     3 |    12 |    13 |     6 ||    34
         Eringya's Noxious |       |       |       |       |       |     1 |    11 |     4 |     3 ||    19
         Freezing Cloud    |       |       |       |       |       |       |       |    44 |    20 ||    64
         Fire Storm        |       |       |       |       |       |       |       |    81 |    65 ||   146
         Sticky Flame      |       |       |       |       |       |       |       |     2 |       ||     2
         Blink             |       |       |       |       |       |       |       |     1 |     3 ||     4
 Invoke: Curse Item        |       |       |       |     1 |     2 |     1 |       |     2 |       ||     6
         Shatter the Chain |       |       |       |       |     1 |       |       |       |       ||     1
  Evoke: Wand              |       |       |       |    28 |    10 |    33 |    26 |    37 |     3 ||   137
         Phial of floods   |       |       |       |       |       |     3 |     2 |     4 |       ||     9
         Phantom mirror    |       |       |       |       |       |     3 |     4 |     3 |     1 ||    11
    Use: Potion            |       |     1 |       |     4 |     2 |    18 |    18 |    20 |     5 ||    68
         Scroll            |       |       |     8 |    18 |    10 |    16 |    15 |    27 |    14 ||   108
   Stab: Distracted        |       |       |       |     1 |       |     2 |     4 |     3 |       ||    10
         Sleeping          |       |       |       |       |     1 |       |     1 |       |     1 ||     3
 Armour: Leather armour    |    25 |       |       |       |   499 |   885 |   600 |   811 |       ||  2820
         Ring mail         |    40 |   101 |   259 |       |       |       |       |    21 |   189 ||   610
         Steam dragon scal |       |       |    37 |   455 |   312 |       |       |       |       ||   804
  Dodge: Dodged            |    65 |    77 |   168 |   312 |   417 |   326 |   281 |   253 |    58 ||  1957
  Block: Buckler           |       |       |       |    43 |   185 |   460 |   332 |   388 |    91 ||  1499
         Reflection        |       |       |       |       |     5 |    66 |    48 |    18 |     1 ||   138

Table legend: (Time is in decaauts)
 A = Elapsed time spent in this place.
 B = Non-inter-level travel time spent in this place.
 C = Inter-level travel time spent in this place.
 D = Time resting spent in this place.
 E = Time spent auto-exploring this place.
 F = Levels seen in this place.
 G = Mean time per level.
                   A        B        C        D        E       F      G
               +--------+--------+--------+--------+--------+-----+--------+
         Total | 105848 |  95588 |  10260 |  40701 |  31319 |  61 | 1735.2 |
       Dungeon |  21195 |  17183 |   4012 |   3455 |   9205 |  15 | 1413.0 |
        Temple |     10 |     10 |      0 |      0 |      0 |   1 |   10.0 |
          Lair |  11141 |   9325 |   1816 |   3041 |   4314 |   5 | 2228.2 |
        Shoals |   7784 |   7365 |    419 |   3135 |   2633 |   4 | 1946.0 |
     Snake Pit |   8014 |   7649 |    365 |   3069 |   2958 |   4 | 2003.5 |
    Slime Pits |   5279 |   5112 |    167 |   2990 |    880 |   5 | 1055.8 |
  Orcish Mines |   2824 |   2319 |    505 |    649 |   1122 |   2 | 1412.0 |
   Elven Halls |   8003 |   7674 |    329 |   3963 |   1490 |   3 | 2667.7 |
        Vaults |  15309 |  13987 |   1322 |   6226 |   4385 |   5 | 3061.8 |
         Crypt |   4790 |   4601 |    189 |   2641 |    994 |   3 | 1596.7 |
        Depths |  13991 |  12860 |   1131 |   7715 |   2526 |   4 | 3497.8 |
          Hell |     82 |     82 |      0 |     20 |      0 |   1 |   82.0 |
         Abyss |    579 |    579 |      0 |    212 |      0 |   4 |  144.8 |
   Pandemonium |   2442 |   2442 |      0 |   1494 |     34 |   1 | 2442.0 |
         Sewer |   1172 |   1172 |      0 |    215 |    549 |   1 | 1172.0 |
      Ice Cave |   1389 |   1389 |      0 |    850 |    172 |   1 | 1389.0 |
        Wizlab |   1200 |   1200 |      0 |    689 |     55 |   1 | 1200.0 |
      Gauntlet |    636 |    636 |      0 |    333 |      0 |   1 |  636.0 |
               +--------+--------+--------+--------+--------+-----+--------+

Top non-repeatable levels by time:
Depths:3: 4737 daAuts
Vaults:5: 4047 daAuts
Vaults:1: 3862 daAuts
Depths:2: 3228 daAuts
 Crypt:1: 3146 daAuts
Depths:1: 3028 daAuts
   Elf:2: 2998 daAuts
Depths:4: 2997 daAuts
Vaults:4: 2854 daAuts
 Snake:4: 2798 daAuts
   Elf:1: 2759 daAuts
Vaults:2: 2523 daAuts
  Lair:1: 2434 daAuts
Shoals:4: 2425 daAuts
  Lair:4: 2376 daAuts
